 Dungeon Crawl Stone Soup version 0.30-a0-122-g2a1322497e (webtiles) character file.

Game seed: 2611240243353490446

121 Dreamer the Covert (level 5, -1/49 HPs)
             Began as a Naga Delver on Sept 15, 2022.
             Was an Initiate of Dithmenos.
             Slain by an iguana (9 damage)
             ... on level 4 of the Dungeon.
             The game lasted 00:08:00 (3296 turns).

Dreamer the Covert (Naga Delver)                    Turns: 3296, Time: 00:08:00

Health: -1/49      AC:  3    Str: 15    XL:     5   Next: 5%
Magic:  5/5        EV: 10    Int: 10    God:    Dithmenos [......]
Gold:   226        SH:  0    Dex: 14    Spells: 4/4 levels left

rFire   . . .      SeeInvis +    p - +0 dagger
rCold   . . .      Faith    .    (no shield)
rNeg    . . .      Spirit   .    b - +0 leather armour
rPois   +          Reflect  .    (no helmet)
rElec   .          Harm     .    (no cloak)
rCorr   .          Rampage  .    (no gloves)
Will    .....                    (no barding)
Stlth   ++++......               (no amulet)
HPRegen 0.16/turn                (no ring)
MPRegen 0.09/turn                (no ring)

@: very slow
A: AC +1, large, see invisible, deformed body, poison resistance, slowness 2,
spit poison 1, naga tail 1
a: Spit Poison, Renounce Religion


You were on level 4 of the Dungeon.
You worshipped Dithmenos.
Dithmenos was noncommittal.
You visited 1 branch of the dungeon, and saw 5 of its levels.

You collected 226 gold pieces.

Inventory:

Hand Weapons
 a - a +0 short sword
 p - a +0 dagger (weapon)
Armour
 b - a +0 leather armour (worn)
Jewellery
 t - a ring of fire
Wands
 g - a wand of digging (3)
Scrolls
 c - a scroll of fog
 d - a scroll of magic mapping
 e - 3 scrolls of fear
 h - 2 scrolls of teleportation {unknown}
 i - a scroll of enchant armour {unknown}
 j - a scroll of poison {unknown}
 k - 4 scrolls of identify {unknown}
 q - a scroll of noise {unknown}
 r - 2 scrolls of enchant weapon {unknown}
Potions
 f - 3 potions of haste
 l - a potion of attraction {unknown}
 m - 6 potions of brilliance {unknown}
 n - 4 potions of curing
 o - a potion of might {unknown}
 s - a potion of heal wounds {unknown}


   Skills:
 + Level 3.5 Fighting
 * Level 3.2 Short Blades
 + Level 2.2 Dodging
 * Level 8.3 Stealth


You had 4 spell levels left.
You didn't know any spells.
Your spell library contained the following spells:

 Spells                   Type           Power      Damage    Failure   Level
 Static Discharge         Conj/Air       0%         3-3/arc   56%         2
 Kindle Blastsparks       Fire/Tloc/Air  0%         2d10      80%         3
 Arcjolt                  Conj/Air       0%         1d10      100%        5
 Lightning Bolt           Conj/Air       0%         1d11      100%        5
 Dispersal                Tloc           0%         N/A       100%        6
 Haunt                    Necr/Summ      0%         N/A       100%        7
 Disjunction              Tloc           0%         N/A       100%        8
 Maxwell's Capacitive Co  Air            0%         ∞         100%        8


Dungeon Overview and Level Annotations

Branches:
Dungeon (5/15)
 Temple: D:4-7

Altars:
Dithmenos
Elyvilon
Kikubaaqudgha
Okawaru
Qazlal
Zin


Innate Abilities, Weirdness & Mutations

Your serpentine skin is tough. (AC +1)
You have supernaturally acute eyesight. (SInv)
Armour fits poorly on your strangely shaped body.
Your system is resistant to poisons. (rPois)
You cover ground very slowly.
You can spit poison.
You have a snake-like lower body.


Message History

You hit the iguana.
The iguana is moderately wounded.
An adder comes into view.
The adder hisses angrily.
You hit the iguana.
The iguana is heavily wounded.
The iguana bites you!
You hit the iguana but do no damage.
The iguana is heavily wounded.
The iguana bites you!
You hit the iguana.
The iguana is heavily wounded.
The iguana bites you.
You barely miss the iguana.
The iguana is moderately wounded.
The iguana barely misses you.
You hit the iguana.
The iguana is heavily wounded.
The iguana closely misses you.
You hit the iguana.
The iguana is heavily wounded.
You hit the iguana.
The iguana is heavily wounded.
The iguana bites you!
* * * LOW HITPOINT WARNING * * *
You hit the iguana.
The iguana is severely wounded.
The iguana barely misses you.
You hit the iguana but do no damage.
The iguana is severely wounded.
The iguana barely misses you.
You are too injured to fight recklessly!
You completely miss the iguana.
The iguana is severely wounded.
The iguana bites you.
* * * LOW HITPOINT WARNING * * *
You hit the iguana but do no damage.
The iguana is severely wounded.
The iguana bites you!
You die...

.. .######## .. ..#
###........ #. #.#
#...####### # #[ #.#
#.#.# ### # #.#. #.#
#.#.# #.# #.#.##.#
#.#.# #.###
...S...####.#.###....
#l#................
#.@....##.#.#######
###.##......#
#.##.##.###
#.##......
..##.##....#
####.#####.# #.# #
#.#


You could see an iguana and an adder.

Vanquished Creatures
  2 gnolls (D:1)
  2 adders (D:2)
  A river rat (D:3)
  2 orcs (D:3)
  3 ball pythons
  3 bats
  9 endoplasms
  4 giant cockroaches
  8 goblins
  4 hobgoblins
  4 jackals (D:2)
  6 quokkas
  3 frilled lizards
  8 kobolds
  10 rats
69 creatures vanquished.

Notes
Turn   | Place    | Note
-------+----------+-------------------------------------------
     0 | D:5      | Dreamer the Naga Delver began the quest for the Orb.
     0 | D:5      | Reached XP level 1. HP: 21/21 MP: 1/1
   205 | D:2      | Reached XP level 2. HP: 24/28 MP: 2/2
   265 | D:2      | Found a glowing silver altar of Zin.
   654 | D:1      | Reached XP level 3. HP: 34/34 MP: 3/3
   911 | D:1      | Found a faded altar of an unknown god.
  1297 | D:2      | Reached XP level 4. HP: 42/42 MP: 4/4
  1450 | D:2      | Reached skill level 8 in Stealth
  1472 | D:2      | HP: 2/42 [quokka (2)]
  2721 | D:3      | Got the Almanac of Necrotic Transposition
  2894 | D:3      | Found a shadowy altar of Dithmenos.
  2897 | D:3      | Found an iron altar of Okawaru.
  2899 | D:3      | Found a stormy altar of Qazlal.
  2902 | D:3      | Became a worshipper of Dithmenos the Shadowed
  2932 | D:3      | Reached XP level 5. HP: 49/49 MP: 5/5
  3023 | D:3      | Found an ancient bone altar of Kikubaaqudgha.
  3024 | D:3      | Found a white marble altar of Elyvilon.
  3296 | D:4      | Slain by an iguana

Illustrated notes

Levels and vault maps discovered:
D:1:      psy_arrival_whirlpool, layout_basic, chequers_ecumenical_altar_grove,
          minmay_fountain_box
D:2:      layout_rooms, basic_altar, chequers_decorated_corner,
          minmay_diced_spiral
D:3:      layout_loops_corners, minitemple, mainiacjoe_overflow_divided_tiny,
          portal_sewer_entry_a
D:4:      layout_loops_ring, amcnicky_mini_corridor_feature, uniq_pikel
D:5:      layout_loops_ring, uniq_blork_the_orc

Skill      XL: |  1  2  3  4 |
---------------+-------------+-----
Dodging        | 2 |  2.2
Stealth        | 8 |  8.3
Short Blades   | 3 |  3.2
Fighting       | |  3.5

Action                   |  1- 3 |  4- 6 || total
-------------------------+-------+-------++-------
Melee: Short sword       |    86 |       ||    86
       Dagger            |     1 |   139 ||   140
       Punch             |       |     4 ||     4
 Abil: Spit Poison       |     8 |    12 ||    20
 Stab: Sleeping          |    14 |     7 ||    21
Armor: Leather armour    |    15 |    25 ||    40
Dodge: Dodged            |    24 |    46 ||    70

Table legend: (Time is in decaauts)
 A = Elapsed time spent in this place.
 B = Non-inter-level travel time spent in this place.
 C = Inter-level travel time spent in this place.
 D = Time resting spent in this place.
 E = Time spent auto-exploring this place.
 F = Levels seen in this place.
 G = Mean time per level.
                   A        B        C        D        E       F      G
               +--------+--------+--------+--------+--------+-----+--------+
         Total |   4008 |   3900 |    108 |    795 |   2242 |   5 |  801.6 |
       Dungeon |   4008 |   3900 |    108 |    795 |   2242 |   5 |  801.6 |
               +--------+--------+--------+--------+--------+-----+--------+

Top non-repeatable levels by time:
     D:3: 1412 daAuts
     D:2: 1215 daAuts
     D:1: 1159 daAuts
     D:4: 151 daAuts
     D:5: 70 daAuts
